Cogmind - Beta 15 @@@ ROGUE MODE // 2025.06.16 @ 22:42:06 Player: quak Result: Destroyed by T3-3NW(R) with Subdweller Machine Gun Performance ------------- Evolutions (0) 0 Regions Visited (3) 600 Robots Destroyed (26) 130 Value Destroyed (353) 353 Prototype IDs (0) 0 Alien Tech Used (0) 0 Bonus (30) 30 TOTAL SCORE: 1113 Bonus ------- Follower Combat Kills 30 Cogmind --------- Core Integrity 0/250 Matter 230/300 Energy 140/140 System Corruption 0% Temperature Cool (0) Movement Walking (190) Ox1 Location -10/Subcaves Parts ------- > --- POWER (1) -------- Light Deuterium Engine > --- PROPULSION (2) --- Aluminum Leg Aluminum Leg > --- UTILITY (2) ------ Medium Storage Unit > --- WEAPON (2) ------- Assault Rifle Rocket Launcher > --- INVENTORY (10) --- Aluminum Leg Aluminum Leg Assault Rifle Assault Rifle Rocket Launcher Mining Laser Hammer Peak State ------------ > --- POWER ------------ Light Deuterium Engine > --- PROPULSION ------- Aluminum Leg Aluminum Leg > --- UTILITY ---------- Medium Storage Unit Seismic Detector > --- WEAPON ----------- Assault Rifle Rocket Launcher > --- INVENTORY -------- Aluminum Leg Aluminum Leg Aluminum Leg Assault Rifle Assault Rifle Assault Rifle Rocket Launcher Mining Laser Hammer [Rating: 11] Favorites ----------- Power Light Ion Engine Engine Light Ion Engine Propulsion Aluminum Leg Treads Light Treads Leg Aluminum Leg Utility Seismic Detector Device Seismic Detector Storage Medium Storage Unit Weapon Assault Rifle Ballistic Gun Assault Rifle Launcher Rocket Launcher Build | -11 -10 -10 -10 ------- Run | Yrd Mat Min Sub Slots Evolved . | . . . . Power . | . . . . Propulsion . | . . . . Utility . | . . . . Weapon . | . . . . Parts Attached 15 | 8 2 3 2 Power 2 | 1 . 1 . Engine 2 | 1 . 1 . Core . | . . . . Reactor . | . . . . Propulsion 5 | 3 . 1 1 Treads 1 | 1 . . . Leg 4 | 2 . 1 1 Wheel . | . . . . Hover . | . . . . Flight . | . . . . Utility 3 | 2 1 . . Device 1 | 1 . . . Storage 2 | 1 1 . . Processor . | . . . . Hackware . | . . . . Protection . | . . . . Artifact . | . . . . Weapon 5 | 2 1 1 1 Energy Gun . | . . . . Energy Cannon . | . . . . Ballistic Gun 4 | 2 1 . 1 Ballistic Cannon . | . . . . Launcher 1 | . . 1 . Special Weapon . | . . . . Impact Weapon . | . . . . Slashing Weapon . | . . . . Piercing Weapon . | . . . . Special Melee Weapon . | . . . . Unidentified Prototypes . | . . . . Parts Lost 5 | . . 2 3 Power 1 | . . 1 . Propulsion 2 | . . 1 1 Utility 1 | . . . 1 Weapon 1 | . . . 1 Highest Loss Streak 2 | . . 1 2 To Critical Strikes . | . . . . Average Backups 8 | 2 8 9 8 Power . | . . . . Propulsion 3 | 1 3 3 2 Utility . | . . . . Weapon 5 | 1 4 6 5 Tool/Special . | . . . . Unused Backups 8 | . 2 . 6 Power . | . . . . Propulsion 3 | . 1 . 2 Utility . | . . . . Weapon 5 | . 1 . 4 Tool/Special . | . . . . Average Slot Usage (%) 94 | . 100 91 98 Engine 9 | . 14 7 14 Leg 27 | . 28 26 28 Device 13 | . 14 14 13 Storage 14 | . 14 14 14 Ballistic Gun 18 | . 28 15 13 Launcher 9 | . . 12 14 Peak Build Rating 11 | 7 8 11 11 Average Rating 8 | 5 7 9 10 On Entrance 6 | . 7 8 11 Naked Turns . | . . . . Heaviest Build 22 | 13 18 22 22 Greatest Support 20 | 20 20 20 20 Greatest Overweight (x) 1 | . . 1 1 Average Overweight (x) . | . . . . Largest Inventory Capacity 10 | 8 10 10 10 Average Capacity 9 | 7 9 10 10 Most Carried 10 | 4 10 10 9 Average Carried 8 | 2 8 9 8 Final Capacity 10 | 8 10 10 10 Final Carried 10 | 4 10 9 7 Class Distribution -------------------- 100% | Mutant Dominant Class ---------------- Mutant | -10/Materials Mutant | -10/Mines Mutant | -10/Subcaves Resources | -11 -10 -10 -10 ----------- Run | Yrd Mat Min Sub Matter Collected 722 | 272 84 306 60 Remotely . | . . . . Salvage Created 253 | 60 84 79 30 Parts 27 | 8 9 7 3 Haulers Intercepted . | . . . . Recyclers Shooed . | . . . . Parts Field Recycled . | . . . . Retrieved Matter . | . . . . Parts Self-Destructed 2 | . . . 2 Prevented . | . . . . Kills | -11 -10 -10 -10 ------- Run | Yrd Mat Min Sub Combat Hostiles Destroyed 24 | . 6 14 4 Guns 7 | . 6 . 1 AOE 17 | . . 14 3 Classes Destroyed 6 | 1 1 3 1 Worker 1 | . . 1 . Tunneler 3 | 3 . . . Turret 2 | . . . 2 Swarmer 18 | . 6 8 4 Grunt 2 | . . 2 . Assembled 4 | . . 4 . Best Kill Streak 6 | 3 3 5 6 Combat Bots Only 5 | . 3 5 4 Max Kills in Single Turn 3 | 1 1 3 2 Gunslinging . | . . . . Exploded 3 | . . 3 2 Melee . | . . . . Uniques/NPCs Destroyed . | . . . . Combat | -11 -10 -10 -10 -------- Run | Yrd Mat Min Sub Hostile Shots Fired 103 | . 30 35 38 Missed 35 | . 10 10 15 Hits 68 | . 20 25 23 Melee 2 | . . 2 . Projectile 66 | . 20 23 23 Damage Taken 845 | . 162 421 262 Core 265 | . 12 164 89 Absorbed by Shields . | . . . . Core Remaining (%) 100 | 100 . . . Volleys Fired 59 | 7 15 22 15 Largest 2 | 2 2 1 1 Hottest 40 | 40 40 33 33 Shots Fired 81 | 14 30 22 15 Gun 53 | 14 30 4 5 Cannon . | . . . . Launcher 28 | . . 18 10 Special . | . . . . Kinetic 53 | 14 30 4 5 Thermal . | . . . . Explosive 28 | . . 18 10 Electromagnetic . | . . . . Robot Hit Streak 6 | 4 6 4 4 Robot Miss Streak 5 | 1 2 5 1 Penetration Max . | . . . . Secondary Targets . | . . . . Shots Hit Robots 45 | 10 18 11 6 Core Hits 45 | 3 6 25 11 Critical Kills . | . . . . Critical Parts Destroyed . | . . . . Critical Strikes . | . . . . Melee Attacks . | . . . . Impact . | . . . . Slashing . | . . . . Piercing . | . . . . Sneak Attacks . | . . . . Combat Hostiles . | . . . . Follow-up Attacks . | . . . . Damage Inflicted 2077 | 144 221 1182 530 Guns 416 | 144 221 27 24 Cannons . | . . . . Explosions 1661 | . . 1155 506 Melee . | . . . . Ramming . | . . . . Kinetic 416 | 144 221 27 24 Thermal . | . . . . Explosive 1661 | . . 1155 506 Electromagnetic . | . . . . Impact . | . . . . Slashing . | . . . . Piercing . | . . . . Highest Corruption . | . . . . Average Corruption . | . . . . Corruption Purged . | . . . . Corruption Blocked . | . . . . Overload Shots . | . . . . Overflow Damage 64 | . . 20 44 Projectiles . | . . . . Explosions 64 | . . 20 44 Melee . | . . . . Knockbacks . | . . . . Impact . | . . . . Kinetic . | . . . . Secondary . | . . . . Self-Inflicted Damage 151 | . . 113 38 Shots 5 | . . 4 1 Rammed . | . . . . Targets Rammed . | . . . . Kicked . | . . . . Crushed . | . . . . Highest Temperature 6 | . . 6 . Average Temperature 6 | . . 6 . Received Heat Transfer 156 | . . 78 78 Siege Activations . | . . . . Martial Activations . | . . . . Shielding Activations . | . . . . Robots Disrupted . | . . . . Combat Hostiles . | . . . . Robots Corrupted . | . . . . Combat Hostiles . | . . . . Parts Fried . | . . . . Impact Corruptions . | . . . . Robots Melted . | . . . . Combat Hostiles . | . . . . Parts Melted . | . . . . Heat Transferred . | . . . . Parts Sabotaged . | . . . . Parts Stolen . | . . . . Parts Stripped . | . . . . Power Chain Reactions . | . . . . Alert | -11 -10 -10 -10 ------- Run | Yrd Mat Min Sub Maximum Alert Level . | . . . . Low Security (%) 100 | 100 100 100 . Level 1 . | . . . . Level 2 . | . . . . Level 3 . | . . . . Level 4 . | . . . . Level 5 . | . . . . High Security . | . . . . Max Security . | . . . . Peak Influence 155 | 5 100 155 . Initial 27 | . . 27 . Average 42 | 1 27 53 . Influence Increases 757 | 15 191 352 199 Destroy 0b10 Robot/C 440 | . 120 200 120 Destroy 0b10 Robot/NC 20 | 15 . 5 . Destroy Leader 60 | . 20 40 . Allied During Kill 4 | . . . 4 Successful Hack 6 | . 6 . . Disable Machine 15 | . . 15 . Destroy Structure 92 | . . 92 . Lose Combat Pursuer 120 | . 45 . 75 Influence Decreases 658 | 15 119 424 100 Entered New Map 45 | . . 45 . Time Decay 543 | 15 119 359 50 Lost Part 50 | . . 20 30 Lost Ally 20 | . . . 20 Squads Dispatched . | . . . . Investigation . | . . . . Extermination . | . . . . Reinforcement . | . . . . Assault . | . . . . Garrison . | . . . . Intercept . | . . . . Searches Triggered . | . . . . Construction Impeded . | . . . . Haulers Reinforced . | . . . . Active Scanning Responses . | . . . . Cargo Convoy Interrupts . | . . . . Stealth | -11 -10 -10 -10 --------- Run | Yrd Mat Min Sub Distress Signals 1 | . 1 . . Communications Jammed . | . . . . Distress Signals . | . . . . Times Spotted 42 | . 12 21 9 Peak Tracking Total 18 | . 3 18 6 Tactical Retreats 4 | . 2 . 2 Traps | -11 -10 -10 -10 ------- Run | Yrd Mat Min Sub Traps Triggered . | . . . . Indirectly . | . . . . Trap Hack Attempts . | . . . . Triggered . | . . . . Disarmed . | . . . . Reprogrammed . | . . . . Reused . | . . . . Traps Extracted . | . . . . Installed . | . . . . Triggered . | . . . . Machines | -11 -10 -10 -10 ---------- Run | Yrd Mat Min Sub Machines Disabled 5 | . . 1 4 Max in Single Turn 3 | . . 1 3 Machines Repaired . | . . . . Machines Dismantled . | . . . . Machines Sabotaged . | . . . . Overloaded Fab Kills . | . . . . Hacking | -11 -10 -10 -10 --------- Run | Yrd Mat Min Sub Machines Accessed 3 | . 3 . . Terminals 3 | . 3 . . Fabricators . | . . . . Repair Stations . | . . . . Recycling Units . | . . . . Scanalyzers . | . . . . Garrison Access . | . . . . Total Hacks 8 | . 8 . . Successful 2 | . 2 . . Failed 5 | . 5 . . Catastrophic 1 | . 1 . . Database Lockouts 1 | . 1 . . Manual 7 | . 7 . . Terminals 8 | . 8 . . Fabricators . | . . . . Repair Stations . | . . . . Recycling Units . | . . . . Scanalyzers . | . . . . Garrison Access . | . . . . Terminal Hacks 2 | . 2 . . Robot Analysis 2 | . 2 . . Fabricator Hacks . | . . . . Repair Station Hacks . | . . . . Recycling Unit Hacks . | . . . . Scanalyzer . | . . . . Garrison Access Hacks . | . . . . Unauthorized Hacks . | . . . . Terminals . | . . . . Fabricators . | . . . . Repair Stations . | . . . . Recycling Units . | . . . . Scanalyzers . | . . . . Garrison Access . | . . . . Data Cores Recovered . | . . . . Used . | . . . . Hacking Detections 3 | . 3 . . Full Trace Events . | . . . . Feedback Events . | . . . . Feedback Blocked . | . . . . Robot Schematics Acquired . | . . . . Robots Built . | . . . . Authchips . | . . . . Time . | . . . . Total Robot Build Rating . | . . . . Part Schematics Acquired . | . . . . Parts Built . | . . . . Authchips . | . . . . Time . | . . . . Total Part Build Rating . | . . . . Parts Repaired . | . . . . Time . | . . . . Parts Recycled . | . . . . Recycled Matter . | . . . . Retrieved Matter . | . . . . Retrieved Components . | . . . . Parts Scanalyzed . | . . . . Part Schematics Acquired . | . . . . Parts Damaged . | . . . . Bothacking | -11 -10 -10 -10 ------------ Run | Yrd Mat Min Sub Used RIF Installer . | . . . . Robots Hacked . | . . . . Non-combat . | . . . . Combat . | . . . . Robot Hacks Applied . | . . . . Relay Couplers Released . | . . . . Fabnet Peak Effective % . | . . . . Robots Rewired . | . . . . Allies Hacked . | . . . . Hacks Repelled . | . . . . Allies | -11 -10 -10 -10 -------- Run | Yrd Mat Min Sub Total Allies 1 | . . 1 . Largest Group 1 | . . 1 1 Highest-Rated Group 31 | . . 31 31 Highest-Rated Ally 31 | . . 31 31 Total Orders . | . . . . Ally Attacks 4 | . . . 4 Total Damage 87 | . . . 87 Kills 1 | . . . 1 Allies Corrupted . | . . . . Allies Melted . | . . . . Intel | -11 -10 -10 -10 ------- Run | Yrd Mat Min Sub Active Infowar (turns) 1703 | 33 419 1077 174 Seismic 1703 | 33 419 1077 174 Robot Analysis Total 2 | . 2 . . Derelict Logs Recovered 1 | . . . 1 Drone Launches . | . . . . Drone Recoveries . | . . . . Exploration | -11 -10 -10 -10 ------------- Run | Yrd Mat Min Sub Turns Passed 1808 | 126 419 1077 186 Spaces Moved 1124 | 74 289 680 81 Core 4 | 4 . . . Treads 3 | 3 . . . Legs 1117 | 67 289 680 81 Wheels . | . . . . Hover . | . . . . Flight . | . . . . Fastest Speed 50 | 50 120 120 120 Average Speed 139 | 117 120 143 187 Slowest Speed 190 | 160 120 190 190 Overloaded Moves . | . . . . Propulsion Burnouts . | . . . . Robots Hopped . | . . . . Potential Cave-ins . | . . . . Cave-ins Triggered . | . . . . Exploration Rate (%) 39 | 3 55 91 9 Regions Visited 3 Branch Regions 2 Pre-discovered Areas 1 | . . . 1 Known Exits Taken . | . . . . Unknown Exits Taken 3 | 1 1 1 . Scrap Searched 1 | . . 1 . Spaces Dug 16 | . . . 16 Terrain Destroyed 192 | . . 148 44 Melee . | . . . . Projectile . | . . . . AOE 192 | . . 148 44 Terrain Rammed . | . . . . Walls Destroyed . | . . . . Machines Disabled . | . . . . Actions | -11 -10 -10 -10 --------- Run | Yrd Mat Min Sub Total 1285 | 95 334 756 100 Wait 72 | 3 15 52 2 Move 1121 | 73 288 679 81 Hop . | . . . . Pick Up 12 | 3 9 . . Fast Attach 9 | 8 . 1 . Attach 3 | . . 1 2 Detach 1 | 1 . . . Swap 3 | . 2 1 . Drop 5 | . 5 . . Fire 59 | 7 15 22 15 Melee . | . . . . Ram . | . . . . Kick . | . . . . Crush . | . . . . Escape Stasis . | . . . . Rewire . | . . . . Trap . | . . . . Miscellaneous . | . . . . Route ------- -11/Scrapyard -10/Materials (discovered 2 exits: [*Mat] / [*Min]) -10/Mines (discovered 3 exits: [*Mat] / [*Exi] / [*Sub]) -10/Subcaves (discovered 1 exit: [*Rec]) History --------- Turn | Location | Event 12 | -11/Scrapyard | Discovered new exit (range 14) 127 | -11/Scrapyard | Entered Materials 318 | -10/Materials | Build established: Mutant 334 | -10/Materials | Discovered new exit (range 8) 356 | -10/Materials | Central database locked down 485 | -10/Materials | Discovered new exit (range 13) 546 | -10/Materials | Entered Mines 611 | -10/Mines | Assembled infested the area 729 | -10/Mines | Core integrity fell below 50% 1077 | -10/Mines | Discovered new exit (range 10) 1084 | -10/Mines | Joined a pair of Derelicts in attacking an 0b10 outpost 1132 | -10/Mines | Discovered new exit (range 5) 1167 | -10/Mines | Discovered new exit (range 9) 1172 | -10/Mines | Escorted by a lone wolf Derelict 1623 | -10/Mines | Entered Subcaves 1623 | -10/Subcaves | Accompanied by 1 ally 1628 | -10/Subcaves | A swath of the cavern ceiling suddenly collapsed 1728 | -10/Subcaves | Discovered new exit (range 16) 1735 | -10/Subcaves | Core integrity fell below 20% 1748 | -10/Subcaves | Learned location of Zion (-7) 1809 | -10/Subcaves | Destroyed by T3-3NW(R) with Subdweller Machine Gun Last Messages --------------- 01728_ EXIT=FOUND 01731_ The unstable cave ceiling collapses. 01738_ Autobeam Turret destroyed. 01740_ Acquired 6 matter. 01741_ The unstable cave ceiling collapses. 01748_ Acquired derelict log, extracted data. World map updated: -7/Zion. 01754_ Subatomizers dissect the Wheel. 01755_ Acquired 26 matter. 01757_ Acquired 17 matter. 01763_ Acquired 11 matter. 01765_ The unstable cave ceiling collapses. 01768_ Subatomizers dissect the Wheel. 01769_ The unstable cave ceiling collapses. 01781_ Subatomizers dissect the Wheel. 01787_ T3-3NW(R): "OHNO!" 01793_ Subatomizers dissect the Wheel. 01797_ Seismic Detector destroyed. 01797_ Destroyed Seismic Detector. 01808_ Subatomizers dissect the Wheel. Map ----- +----------------------------------------------------+ | ?????????????????????????????????????????????????? | | ?????????????????????????????????????????????????? | | ?????????????????????????????????????????????????? | | ?????????????????????????????????????????????????? | | ?????????????????????????????????????????????????? | | ?????????????????????????????????????????????????? | | ?????????????????????????##??????????????????????? | | ????????????##??????##### ####???????????????????? | | ???????????## ##??## #???????????????????? | | ? ?????? ## < ## ##??????????????????? | | ???????# #??????????????????? | | ?????? # #???????????????????? | | ?? ?? ##??????????????????? | | ?? ### ?# #??????????????????? | | ??? ## ?# #??????????????????? | | #???? ??# #??????????????????? | | ##??# #?#### ####??????????????????? | | ?# #### ### ### ##????? ??? ? ???????? | | ?# ## ##???? ## ???????? | | ??# ## ###??? ????????? | | ???# ### ### = ##?# ? ???????? | | ??## ## #### # # " #??????? | | ??# # ## # ## " ????????? | | #?# # " ??????????? | | ## ## #??????????????? | | ## ### # @ R #??????????????? | | #####?#### ##???????????????? | | ###???????# #????????????????? | | #?????????## ####### ##????????????????? | | #??????????###?????# #?????????????????? | | # ##????????????????? ##?????????????????? | | ## #?????????????????# #??????????????????? | | ## #????????????????? ??????????????????? | | # #?????????????????# ??????????????????? | | #????????????????? ??????????????????? | | ## #?????????????????# ??????????????????? | | ?# ###?????????????????? #??????????????????? | | ?## #????????????????????#???????????????????? | | ??## #????????????????????????????????????????? | | ???# #????????????????????????????????????????? | | ##?# " ##????????????????????????????????????????? | | # ###""#?????????????????????????????????????????? | | #"#"###????????????????????????????????????????? | | # " ###????????????????????????????????????????? | | ###"""#????????????????????????????????????????? | | ####"""##???????????????????????????????????????? | | "???#"####???????????????????????????????????????? | | ????###??????????????????????????????????????????? | | ???? "#??????????????????????????????????????????? | | ???? " ??????????????????????????????????????????? | +----------------------------------------------------+ Best States ------------- Heat Dissipation 25 Energy Generation 10 Energy Capacity 140 Matter Stores 300 Matter Capacity 300 Sight Range 16 Terrain Scan Density 10 Evasion (%) 55 Recoil Reduction 1 Item Schematics ----------------- None Robot Schematics ------------------ None Fabricated ------------ Nothing Repaired ---------- Nothing Alien Tech Used ----------------- None Achievements -------------- None Challenges ------------ None Game ------ Seed RagnarokBattleThrower Manual? 0 Play Time 00:17:34 Cumulative 16.4 hours Start 2025.06.16 @ 22:25:21 End 2025.06.16 @ 22:42:06 Sessions 1 Manual Loads 0 Difficulty Rogue Special Mode None Game No. 17 Rogue 17 Adventurer 0 Explorer 0 Win Type - Total 2 Types 2/0/0/0/0/0/0/0/0/0 Lore% 12 Gallery% 17 Achievement% 26 Wizard Run 0 Options --------- Layout 0 ASCII 0 Keyboard 1 Movement Vi Keybinds 0 Fullscreen 1 Font 18/SmallcapsGlow Map View 76x50 Zoom Use 0% Tactical HUD 1 Map Filters NONE Filters NONE Steam 1 RUN: e782386f-c963-47bc-896e-78715270d46e